 Dungeon Crawl Stone Soup version bcrawl-1.19.1 (webtiles) character file.

Game seed: 12461444202520554186

112 mahrnol the Magician (level 4, -2/24 HPs)
             Began as a Skeleton Wizard on Dec 3, 2019.
             Slain by a gnoll shaman
             ... wielding a +0 club
              (8 damage)
             ... on level 3 of the Dungeon.
             The game lasted 00:25:57 (5345 turns).

mahrnol the Magician (Skeleton Wizard)              Turns: 5345, Time: 00:25:57

Health: -2/24      AC:  2    Str:  9 (10) XL:     4   Next: 64%
Magic:  0/11       EV: 12    Int: 17 (18) God:
Gold:   216        SH:  0    Dex:  7      Spells: 5/13 levels left

rFire    x . .     SeeInvis .   a - +0 staff
rCold    + + .     Gourm    .   (no shield)
rNeg     + + +     Faith    .   b - +0 robe
rPois    ∞         Spirit   +   c - +0 hat
rElec    .         Reflect  .   (no cloak)
rCorr    .         Harm     .   (no gloves)
MR       .....                  (no boots)
Stlth    ++........             (no amulet)
HPRegen  0.08/turn              f - -3 ring of strength (curse)
MPRegen  0.12/turn              k - ring of ice

@: no status effects
A: no food or potions, cold resistance 1, deterioration 1, negative energy
resistance 3, torment resistance, unbreathing, magic shield, sturdy frame 1,
spell healing
a: no special abilities


You were on level 3 of the Dungeon.
You were not hungry.

You visited 1 branch of the dungeon, and saw 4 of its levels.

You collected 216 gold pieces.

Inventory:

Hand Weapons
 a - a +0 staff (weapon)
 j - a +2 short sword of holy wrath
Missiles
 p - 118 poisoned needles
Armour
 b - a +0 robe (worn)
 c - a +0 hat (worn)
Jewellery
 f - a cursed -3 ring of strength (left hand)
 k - a ring of ice (right hand)
 m - a +3 amulet of reflection {unknown}
Scrolls
 d - 2 scrolls of teleportation {unknown}
 e - a scroll of fog {unknown}
 g - 4 scrolls of identify {unknown}
 h - a scroll of enchant armour {unknown}
 i - a scroll of immolation {unknown}
 l - a scroll of remove curse {unknown}
 n - a scroll of blinking {unknown}
 o - a scroll of amnesia {unknown}


   Skills:
 + Level 2.5 Dodging
 + Level 3.1 Stealth
 - Level 5.4 Spellcasting
 + Level 2.8 Conjurations
 + Level 2.0 Summonings
 + Level 0.8 Translocations
 + Level 0.2 Poison Magic


You had 5 spell levels left.
You knew the following spells:

 Your Spells              Type           Power        Failure   Level  Hunger
a - Magic Dart            Conj           ##..         4%          1    N/A
b - Call Imp              Summ           ##....       9%          2    N/A
c - Blink                 Tloc           N/A          14%         2    N/A
d - Mephitic Cloud        Conj/Pois/Air  #.......     26%         3    N/A

Your spell library contained the following spells:

 Spells                   Type           Power        Failure   Level  Hunger
 Conjure Flame            Conj/Fire      #.......     22%         3    N/A
 Spider Form              Tmut/Pois      Unusable     N/A         3    N/A

Dungeon Overview and Level Annotations

Branches:
Dungeon (4/12)
 Temple: D:4-7

Altars:
Hepliaklqana
Nemelex Xobeh
Okawaru
Uskayaw
Yredelemnul

Annotations:
D:3 Robin


Innate Abilities, Weirdness & Mutations

You do not eat or drink.
You are immune to poison.
Your flesh is cold resistant. (rC+)
Your body sometimes deteriorates upon taking damage.
You are immune to negative energy. (rN+++)
You are immune to unholy pain and torment.
You can survive without breathing.
When hurt, damage is shared between your health and your magic reserves.
Your movements are slightly less encumbered by armour. (ER -2)
Casting spells heals you.


Message History

Unknown command.
You barely miss the gnoll shaman.
The gnoll shaman is heavily wounded.
Your crimson imp closely misses the gnoll shaman.
The gnoll shaman hits you with a +0 club!
Your crimson imp barely misses the gnoll shaman.
You closely miss the gnoll shaman.
The gnoll shaman is heavily wounded.
The gnoll shaman hits you with a +0 club.
* * * LOW HITPOINT WARNING * * *
Your crimson imp hits the gnoll shaman but does no damage.
Casting: Magic Dart (safe; 4% risk of failure)
Confirm with . or Enter, or press ? or * to list all spells.
Aiming: Magic Dart (safe; 4% risk of failure)
Press: ? - help, Shift-Dir - straight line, f/p - gnoll shaman
Aim: a gnoll shaman, wielding a +0 club and wearing a +0 robe (heavily wounded)
The magic dart hits the gnoll shaman.
The gnoll shaman is heavily wounded.
The gnoll shaman hits you with a +0 club!
You die...

#########
#.......#############
#........@..........#
#.......g##########.######
#.......5<................
#........#############....
#........).....# #....
#.......>#####.# #....
###..###.# #.# ##...
#########..# #.# #.# ##.#
#.......#..# #.# #g# #..#


You could see a gnoll shaman and a friendly crimson imp.

Vanquished Creatures
  2 adders (D:3)
  A gnoll (D:4)
  2 oozes
  A dart slug (D:2)
  3 leopard geckos
  A ball python (D:1)
  2 giant cockroaches
  9 goblins
  10 hobgoblins
  4 quokkas
  5 bats (D:1)
  4 frilled lizards
  13 kobolds
  4 rats
61 creatures vanquished.

Vanquished Creatures (collateral kills)
  A worm (D:2)
  A goblin (D:3)
  A hobgoblin (D:2)
  A quokka (D:2)
  A kobold (D:2)
  A rat (D:2)
6 creatures vanquished.

Grand Total: 67 creatures vanquished

Notes
Turn   | Place    | Note
-------+----------+-------------------------------------------
     0 | D:1      | mahrnol the Skeleton Wizard began the quest for the Orb.
     0 | D:1      | Reached XP level 1. HP: 10/10 MP: 5/5
   329 | D:1      | Reached XP level 2. HP: 15/15 MP: 0/7
   389 | D:1      | Reached skill level 5 in Spellcasting
   393 | D:1      | Learned a level 2 spell: Call Imp
   396 | D:1      | Learned a level 2 spell: Blink
  1631 | D:2      | Noticed a +0 dagger
  1634 | D:2      | Noticed a +0 dagger
  1638 | D:2      | Reached XP level 3. HP: 19/19 MP: 5/9
  1640 | D:2      | Found a hide-covered altar of Uskayaw.
  1979 | D:2      | Learned a level 3 spell: Mephitic Cloud
  2905 | D:2      | Found a basalt altar of Yredelemnul.
  2912 | D:2      | Found a hazy altar of Hepliaklqana.
  2912 | D:2      | Found an iron altar of Okawaru.
  2917 | D:2      | Found a sparkling altar of Nemelex Xobeh.
  3469 | D:3      | Noticed a sky beast
  3501 | D:2      | Reached XP level 4. HP: 24/24 MP: 1/11
  3636 | D:3      | Noticed Robin
  5345 | D:3      | Slain by a gnoll shaman

Skill      XL: |  1  2  3  4 |
---------------+-------------+-----
Spellcasting   | 5 |  5.4
Conjurations   | 2 |  2.8
Stealth        | 3 |  3.1
Summonings     | 2 |  2.0
Dodging        | |  2.5
Translocations | |  0.8
Poison Magic   | |  0.2

Action                   |  1- 3 |  4- 6 || total
-------------------------+-------+-------++-------
Melee: Staff             |    15 |     3 ||    18
 Cast: Magic Dart        |   137 |    53 ||   190
       Call Imp          |    18 |    16 ||    34
       Mephitic Cloud    |     6 |     2 ||     8
       Blink             |     5 |     1 ||     6
 Stab: Sleeping          |     1 |       ||     1
Armor: Robe              |     9 |     2 ||    11
Dodge: Dodged            |    56 |    19 ||    75
